Map: Canyon of Tribulation

Players

A.I. 5 (Very Hard)

  • Race: Protoss Protoss
  • Spawn Location: 6:00

A.I. 4 (Very Hard)

  • Race: Terran Terran
  • Spawn Location: 7:00

A.I. 3 (Harder)

  • Race: Terran Terran
  • Spawn Location: 6:00

Farkwad - Winner!

  • Race: Zerg Zerg
  • Spawn Location: 12:00

Raynar - Winner!

  • Race: Protoss Protoss
  • Spawn Location: 3:00

Throwfordays - Winner!

  • Race: Terran Terran
  • League: Silver
  • Spawn Location: 12:00

VOD

Have the link to the VOD?

Description

Time

  • Played on: Oct. 17, 2019, 11:08 p.m.
  • Length: 12:32
Show
View Real Time Build Order
Export as new Build Order

A.I. 5 (Very Hard) Protoss 

Build Orders: Dark Templar Rush 

Get SALT Encoding   

  12  0:01  Probe  
  13  0:13  Probe  
  14  0:21  Pylon  
  14  0:25  Probe  
  15  0:35  Probe  
  16  0:43  Probe  
  16  0:49  Assimilator  
  17  0:52  Gateway  
  17  0:53  Probe  
  18  1:01  Probe  
  18  1:03  Pylon  
  18  1:09  Probe  
  20  1:21  Probe  
  21  1:36  Assimilator  
  21  1:38  Probe  
  22  1:40  Zealot  
  22  1:42  Cybernetics Core  
  24  1:51  Probe  
  25  2:00  Probe  
  25  2:07  Zealot  
  28  2:08  Probe  
  28  2:11  Warp Gate  
  29  2:21  Pylon  
  29  2:22  Twilight Council  
  29  2:34  Stalker  
  31  2:39  Gateway  
  31  2:49  Probe  
  32  3:01  Probe  
  32  3:02  Dark Shrine  
  32  3:05  Gateway  
  33  3:13  Probe  
  33  3:16  Pylon  
  34  3:21  Zealot  
  34  3:25  Probe  
  34  3:27  Zealot  
  39  3:36  Pylon  
  35  3:48  Zealot  
  35  3:50  Stalker  
  37  3:59  Zealot  
  39  4:12  Robotics Facility  
  39  4:19  Dark Templar  
  39  4:22  Adept  
  41  4:28  Dark Templar  
  43  4:41  Nexus  
  41  4:46  Adept  
  41  4:52  Dark Templar  
  35  4:58  Dark Templar  
  35  5:07  Zealot  
  29  5:22  Dark Templar  
  29  5:27  Zealot  
  31  5:40  Dark Templar  
  31  5:46  Zealot  
  31  6:01  Zealot  
  31  6:12  Dark Templar  
  31  6:17  Zealot  
  33  6:29  Zealot  
  31  6:39  Dark Templar  
  33  6:45  Zealot  
  33  6:49  Zealot  
  33  7:00  Assimilator  
  31  7:07  Zealot  
  31  7:08  Assimilator  
  27  7:09  Dark Templar  
  29  7:18  Probe  
  29  7:19  Zealot  
  28  7:22  Probe  
  28  7:30  Probe  
  28  7:35  Probe  
  22  7:42  Probe  
  22  7:46  Dark Templar  
  22  7:47  Probe  
  23  7:51  Adept  
  23  7:54  Probe  
  25  7:59  Probe  
  24  8:06  Probe  
  24  8:11  Probe  
  18  8:17  Probe  
  19  8:23  Probe  
  19  8:25  Probe  
  20  8:33  Probe  
  21  8:35  Probe  
  23  8:45  Probe  
  23  8:47  Probe  
  25  8:57  Probe x2  
  20  9:04  Dark Templar  
  20  9:05  Probe  
  20  9:09  Probe  
  21  9:13  Probe  
  19  9:21  Probe  
  19  9:23  Archon  
  21  9:26  Probe  
  22  9:33  Probe  
  23  9:48  Probe  
  24  10:00  Dark Templar  
  24  10:01  Probe  
  27  10:09  Probe x2  
  29  10:18  Probe  
  29  10:26  Pylon  
  29  10:27  Dark Templar  
  32  10:29  Pylon  
  30  10:48  Zealot  
  30  10:52  Dark Templar  
  22  11:04  Probe  
  21  11:11  Pylon  
  21  11:21  Pylon  
  17  11:39  Dark Templar  
  12  11:51  Probe  
Show
View Real Time Build Order
Export as new Build Order

A.I. 4 (Very Hard) Terran 

Build Orders:  

Get SALT Encoding   

  12  0:01  SCV  
  13  0:13  SCV  
  14  0:19  Supply Depot  
  14  0:25  SCV  
  15  0:41  SCV  
  16  0:53  SCV  
  16  0:56  Refinery  
  17  0:58  Barracks  
  17  1:05  SCV  
  18  1:17  SCV  
  19  1:44  SCV  
  19  1:47  Marine  
  19  1:48  Supply Depot  
  18  1:56  SCV  
  19  2:08  SCV  
  20  2:20  SCV  
  19  2:24  Marine  
  17  2:32  SCV  
  9  2:44  SCV  
  7  2:57  SCV  
  3  3:17  SCV  
  4  3:34  SCV  
  5  3:46  SCV  
  4  4:11  SCV  
  4  4:30  SCV  
Show
View Real Time Build Order
Export as new Build Order

A.I. 3 (Harder) Terran 

Build Orders:  

Get SALT Encoding   

  12  0:01  SCV  
  13  0:13  SCV  
  14  0:20  Supply Depot  
  14  0:25  SCV  
  15  0:41  SCV  
  16  0:46  Barracks  
  16  0:50  Refinery  
  16  0:53  SCV  
  17  1:05  SCV  
  18  1:18  SCV  
  19  1:24  Supply Depot  
  19  1:30  SCV  
  20  1:33  Marine  
  21  1:44  Orbital Command, Barracks  
  21  1:51  Refinery  
  21  1:52  Barracks Tech Lab  
  21  2:09  Supply Depot  
  21  2:10  Marine  
  22  2:28  Marine  
  23  2:31  Marine  
  23  2:33  Factory  
  24  2:47  Marauder  
  26  2:57  Marine  
  27  3:07  Marine  
  28  3:14  Supply Depot  
  28  3:15  Marine  
  29  3:21  Starport  
  29  3:25  Marine  
  30  3:43  SCV  
  30  3:44  Marauder  
  30  3:48  Supply Depot  
  33  3:55  SCV  
  34  3:57  Starport Tech Lab  
  34  4:05  Marauder  
  34  4:07  SCV  
  34  4:08  Engineering Bay  
  37  4:15  Banshee  
  40  4:19  SCV  
  41  4:26  Marauder  
  43  4:31  SCV  
  43  4:37  Marine  
  44  4:43  SCV  
  42  4:47  Marine  
  43  4:54  Marine  
  44  5:05  Marine  
  45  5:08  Banshee  
  48  5:37  Reaper, Barracks Tech Lab  
  48  5:38  Stimpack  
  48  5:40  Factory  
  49  5:42  Supply Depot  
  49  5:43  Factory Tech Lab  
  49  5:47  Starport  
  49  5:48  Command Center  
  49  5:55  Reaper, Combat Shield, Terran Infantry Weapons Level 1  
  36  6:09  Marine  
  34  6:24  Factory Tech Lab  
  34  6:25  Starport Tech Lab  
  34  6:27  Marine x2  
  36  6:44  Marine  
  36  6:45  Marauder  
  39  6:56  Supply Depot  
  39  7:02  Marine  
  39  7:04  SCV  
  39  7:05  SCV  
  39  7:07  Marauder  
  39  7:08  Refinery  
  44  7:17  Refinery, SCV  
  44  7:18  SCV  
  44  7:20  Marine  
  45  7:28  Marine  
  45  7:29  SCV  
  46  7:31  SCV  
  47  7:38  Marine  
  47  7:41  SCV  
  48  7:45  SCV  
  48  7:46  Marauder  
  48  7:50  Terran Infantry Armor Level 1, Concussive Shells  
  51  7:53  SCV  
  51  7:56  Marine  
  51  7:57  SCV  
  54  8:04  Raven  
  54  8:05  SCV  
  57  8:07  Marine  
  57  8:09  SCV  
  58  8:14  Marine  
  58  8:17  SCV  
  58  8:21  SCV  
  58  8:25  Marine  
  59  8:29  Raven, SCV  
  59  8:31  Marine  
  63  8:36  SCV, Supply Depot  
  63  8:41  SCV  
  63  8:42  Marine  
  66  8:48  SCV  
  66  8:49  Marine  
  66  8:53  SCV  
  61  9:00  Marine, SCV, Missile Turret  
  63  9:03  Missile Turret  
  63  9:05  SCV  
  63  9:07  Marine  
  65  9:12  SCV  
  66  9:18  SCV  
  66  9:19  Marauder  
  66  9:21  Missile Turret  
  69  9:24  SCV  
  69  9:25  Marine, Bunker  
  69  9:30  SCV  
  72  9:35  Missile Turret  
  72  9:37  SCV  
  73  9:40  Marauder  
  73  9:42  SCV  
  73  9:43  Marine  
  67  9:49  SCV  
  62  9:54  Sensor Tower, SCV  
  61  10:00  Hellion  
  61  10:01  Reaper, SCV  
  61  10:04  Marauder  
  64  10:08  Siege Tank  
  56  10:25  Reaper  
  56  10:33  Reaper  
  53  10:54  SCV  
  53  10:55  SCV  
  53  10:56  Siege Tank  
  58  11:06  SCV  
  46  11:36  SCV  
  46  11:37  Command Center  
  34  11:42  SCV  
  34  11:44  Marine  
  23  11:49  Marine  
  24  12:01  Hellion  
  24  12:02  Marine  
  24  12:07  Marine  
  25  12:08  SCV  
  25  12:11  SCV  
  20  12:20  SCV  
Show
View Real Time Build Order
Export as new Build Order

Farkwad Zerg - Winner!

Build Orders: 1 Base Baneling Bust, Pool First 

Get SALT Encoding   

  12  0:06  Drone  
  13  0:31  Drone  
  13  0:34  Overlord  
  14  0:39  Extractor  
  13  0:43  Drone  
  14  0:51  Spawning Pool  
  13  1:10  Drone x2  
  15  1:23  Drone  
  15  1:24  Drone  
  17  1:49  Drone  
  17  1:53  Overlord  
  18  2:06  Spine Crawler  
  17  2:12  Spine Crawler  
  16  2:19  Queen  
  18  2:25  Drone x3  
  21  2:35  Extractor  
  20  2:41  Baneling Nest  
  19  2:50  Spine Crawler  
  18  2:58  Spine Crawler  
  17  3:09  Lair  
  17  3:24  Zergling x6  
  20  3:36  Spine Crawler  
  16  4:46  Drone x3  
  16  4:50  Metabolic Boost  
  19  4:54  Centrifical Hooks  
  19  5:17  Zergling x4  
  21  5:30  Drone  
  22  5:43  Infestation Pit  
  21  5:50  Spire  
  20  5:58  Zergling x8  
  24  6:04  Baneling x2  
  24  6:05  Baneling x2  
  24  6:39  Drone x2  
  26  6:40  Drone  
  26  6:44  Queen  
  29  6:59  Evolution Chamber  
  28  7:20  Queen, Spore Crawler  
  29  7:28  Zergling x2  
  30  7:31  Overlord x2  
  30  7:32  Overlord  
  30  7:44  Spore Crawler  
  23  8:39  Hatchery  
  23  8:40  Hive  
  22  8:50  Drone x3, Corruptor  
  22  8:51  Corruptor x2  
  31  9:04  Drone  
  32  9:16  Zergling x2  
  32  9:17  Zergling x4  
  35  9:26  Zerg Ground Armor Level 1  
  35  9:40  Baneling x2  
  35  9:41  Baneling  
  35  9:42  Baneling  
  35  9:57  Greater Spire  
  31  11:08  Corruptor x3  
  37  11:21  Drone x2  
  37  11:22  Drone  
  37  11:23  Queen  
  42  11:37  Brood Lord  
  44  11:56  Extractor  
  44  11:57  Drone x2  
  44  11:58  Drone  
  46  12:04  Extractor  
Show
View Real Time Build Order
Export as new Build Order

Raynar Protoss - Winner!

Build Orders:  

Get SALT Encoding   

  12  0:01  Probe  
  13  0:13  Probe  
  14  0:20  Pylon  
  14  0:31  Probe (Chrono Boost)  
  15  0:40  Forge  
  15  0:41  Probe (Chrono Boost)  
  16  0:53  Pylon  
  16  1:04  Pylon  
  16  1:13  Photon Cannon  
  16  1:25  Photon Cannon  
  15  1:59  Pylon  
  15  2:03  Pylon  
  15  2:08  Probe (Chrono Boost)  
  16  2:10  Pylon  
  16  2:18  Probe (Chrono Boost)  
  16  2:22  Photon Cannon  
  17  2:23  Probe (Chrono Boost)  
  17  2:24  Pylon  
  18  2:34  Probe  
  19  2:44  Gateway  
  19  2:46  Probe  
  19  2:47  Photon Cannon  
  20  2:55  Pylon  
  20  2:58  Pylon  
  20  3:03  Photon Cannon  
  20  3:16  Photon Cannon  
  19  3:32  Zealot  
  21  3:51  Probe  
  21  3:52  Cybernetics Core  
  22  4:01  Assimilator  
  22  4:03  Probe  
  23  4:12  Photon Cannon x2  
  23  4:15  Probe  
  24  4:18  Photon Cannon  
  24  4:27  Photon Cannon, Probe  
  25  4:36  Shield Battery  
  25  4:56  Photon Cannon  
  25  5:04  Shield Battery  
  25  5:07  Photon Cannon  
  25  5:10  Photon Cannon  
  25  5:12  Shield Battery  
  25  5:13  Pylon  
  25  5:27  Pylon  
  25  5:31  Shield Battery  
  25  5:37  Photon Cannon  
  25  5:43  Photon Cannon  
  25  6:02  Shield Battery  
  25  6:07  Photon Cannon  
  25  6:08  Photon Cannon  
  25  6:10  Pylon  
  25  6:18  Photon Cannon  
  25  6:51  Nexus  
  25  6:52  Pylon  
  25  6:55  Probe (Chrono Boost)  
  26  7:05  Probe (Chrono Boost)  
  27  7:10  Probe (Chrono Boost)  
  27  7:15  Shield Battery x2  
  28  7:20  Photon Cannon  
  28  7:24  Photon Cannon  
  28  7:47  Pylon, Protoss Shields Level 1 (Chrono Boost)  
  28  8:09  Photon Cannon  
  28  8:32  Photon Cannon  
  28  8:33  Photon Cannon  
  28  8:35  Shield Battery  
  28  8:38  Shield Battery  
  28  8:43  Photon Cannon  
  28  8:46  Probe  
  29  8:52  Probe  
  30  8:58  Probe  
  31  9:04  Probe  
  32  9:11  Probe  
  32  9:14  Pylon  
  32  9:16  Probe  
  34  9:23  Probe  
  35  9:35  Photon Cannon  
  35  9:37  Shield Battery  
  35  9:41  Shield Battery  
  35  9:44  Pylon  
  35  9:47  Photon Cannon  
  35  9:49  Photon Cannon  
  35  9:52  Photon Cannon  
  35  9:58  Photon Cannon  
  35  10:12  Shield Battery  
  35  10:13  Photon Cannon  
  35  10:21  Pylon  
  35  10:42  Pylon  
  35  10:43  Shield Battery  
  35  11:04  Shield Battery  
  35  11:06  Photon Cannon  
  35  11:09  Photon Cannon  
  35  11:11  Photon Cannon  
  35  11:23  Photon Cannon  
  35  11:43  Shield Battery  
  35  11:44  Shield Battery  
  35  11:46  Shield Battery  
  35  11:49  Pylon  
  35  11:52  Photon Cannon x2  
  35  11:54  Photon Cannon  
  35  11:56  Pylon  
  35  12:01  Shield Battery  
  35  12:07  Pylon  
  35  12:16  Shield Battery  
  35  12:19  Photon Cannon  
  35  12:21  Photon Cannon  
  35  12:26  Shield Battery  
  35  12:27  Photon Cannon  
  35  12:29  Photon Cannon  
  35  12:30  Photon Cannon  
Show
View Real Time Build Order
Export as new Build Order

Throwfordays Terran - Winner!

Build Orders:  

Get SALT Encoding   

  12  0:01  SCV  
  13  0:13  SCV  
  14  0:25  Supply Depot, SCV  
  15  0:41  Refinery  
  15  0:49  Barracks  
  15  0:51  SCV  
  16  1:03  SCV  
  17  1:04  Refinery  
  17  1:15  SCV  
  18  1:27  SCV  
  19  1:36  Reaper  
  19  1:39  SCV  
  21  1:51  SCV  
  22  2:03  SCV  
  23  2:09  Barracks Reactor  
  23  2:12  Command Center  
  23  2:51  Supply Depot  
  23  2:55  Engineering Bay  
  23  3:12  Reaper x2, SCV  
  26  3:23  Terran Infantry Weapons Level 1  
  27  3:29  Orbital Command  
  27  3:31  SCV  
  27  3:43  SCV  
  27  3:44  Barracks  
  28  3:55  SCV  
  29  4:07  SCV  
  30  4:11  Reaper x2  
  32  4:20  SCV  
  32  4:43  Reaper x2  
  34  5:13  Barracks Reactor  
  34  5:16  Reaper x2  
  34  5:21  Terran Infantry Armor Level 1  
  36  5:22  SCV  
  36  5:24  SCV  
  38  5:34  SCV  
  39  5:36  SCV  
  40  5:46  SCV  
  40  5:49  SCV  
  41  5:58  SCV  
  41  6:01  SCV  
  43  6:10  SCV  
  44  6:13  SCV  
  45  6:21  Reaper  
  46  6:32  Supply Depot  
  46  6:38  Refinery  
  46  6:39  Refinery  
  46  6:53  Reaper x4, SCV  
  51  6:55  Supply Depot  
  51  7:05  SCV  
  52  7:18  SCV, Supply Depot  
  53  7:25  Reaper  
  54  7:30  SCV  
  55  7:42  Supply Depot, SCV  
  54  7:57  Reaper x3  
  54  7:58  Reaper  
  58  8:06  Factory  
  59  8:23  SCV  
  59  8:29  Reaper x3  
  59  8:30  Reaper  
  63  8:35  SCV  
  62  9:01  Reaper x3  
  62  9:02  Reaper  
  65  9:33  Reaper x2  
  65  9:34  Reaper x2  
  67  10:05  Reaper  
  67  10:06  Reaper x3  
  69  10:38  Reaper x4  
  71  11:10  Reaper x4  
  75  11:14  Supply Depot  
  75  11:17  Supply Depot  
  75  11:20  Armory  
  75  11:26  Engineering Bay  
  75  11:37  Supply Depot  
  75  11:40  Supply Depot  
  75  11:42  Reaper x4  
  79  12:00  Supply Depot  
  79  12:04  Supply Depot  
  83  12:23  Supply Depot  
Tags
 
Add a new tag
Caveats
  • Supply blocks, unpowered buildings, or Contaminate may cause inaccurate times.
  • Supply counts are checked every 10 seconds.